AoeStats
← cihuncihome

Arena

510303450Analyzed
4v4 RM · 1d ago on Sep 30, 2026· 45m 27s· 8 players
Game mode
Random Map
Map size
Large (8 player)
Population
200
Speed
Normal
Resources
Standard
Victory
Conquest
Starting age
Dark Age
Ending age
Imperial Age
RankedLock teamsTeams togetherTeam positionsShared explorationLock speedFull tech treeHidden civsTurbo modeCheats
Victory
Defeat
1079
+13
🇺🇸 Mongols · United States
1079
+13
🇹🇷 Portuguese · Türkiye
1034
+15
🇻🇳 Britons · Vietnam
997
+16
🇨🇳 Huns · China
1107
-19
🇨🇳 Franks · China
987
-13
🇨🇳 Gurjaras · China
980
-13
🇦🇷 Saracens · Argentina
956
-12
tommy bobbins
10:05 Feudal Age
9:30 Loom
15:01 Castle Age
12:59 Horse Collar
13:49 Double-Bit Axe
17:43 Wheelbarrow
21:24 Heavy Plow
22:29 Bow Saw
22:46 Fletching
24:44 Husbandry
29:01 Imperial Age
27:15 Thumb Ring
27:22 Gold Mining
28:06 Bloodlines
29:23 Gold Shaft Mining
28:50 Bodkin Arrow
28:55 Padded Archer Armor
29:45 Bracer
30:31 Hand Cart
31:20 Leather Archer Armor
30:56 Capped Ram
32:37 Conscription
32:58 Conscription
32:34 Elite Mangudai
34:12 Ballistics
34:52 Chemistry
35:02 Parthian Tactics
37:19 Siege Engineers
37:09 Murder Holes
36:50 Siege Ram
43:48 Stone Mining
aragorn
3:40 Loom
11:11 Feudal Age
15:42 Castle Age
13:34 Horse Collar
13:42 Double-Bit Axe
14:25 Stone Mining
16:28 Wheelbarrow
19:47 Heavy Plow
20:38 Bow Saw
22:16 Gold Mining
31:44 Imperial Age
29:37 Light Cavalry
30:28 Bloodlines
31:03 Murder Holes
31:55 Husbandry
32:30 Ballistics
32:31 Fletching
32:45 Cavalier
34:53 Chemistry
35:02 Arquebus
天庭掌管停车位的神
12:40 Feudal Age
16:14 Castle Age
14:29 Double-Bit Axe
14:27 Horse Collar
14:43 Stone Mining
22:38 Wheelbarrow
26:45 Hand Cart
26:16 Loom
26:18 Town Watch
28:32 Heavy Plow
28:43 Bow Saw
28:25 Gold Mining
29:11 Stone Shaft Mining
31:41 Imperial Age
29:59 Scale Barding Armor
30:04 Devotion
30:33 Husbandry
30:44 Bloodlines
31:03 Chain Barding Armor
30:54 Forging
30:35 Fletching
31:56 Gold Shaft Mining
31:59 Thumb Ring
31:15 Crossbowman
32:24 Conscription
33:14 Hoardings
32:44 Kamandaran
33:00 Bodkin Arrow
33:05 Padded Archer Armor
33:29 Ballistics
34:11 Chemistry
34:31 Two-Man Saw
34:06 Elite War Elephant
36:56 Plate Barding Armor
36:38 Leather Archer Armor
36:58 Iron Casting
37:01 Crop Rotation
39:08 Faith
43:03 Blast Furnace
sonhero3000
1:51 Loom
10:08 Feudal Age
11:37 Horse Collar
15:24 Castle Age
13:51 Double-Bit Axe
16:04 Wheelbarrow
15:51 Stone Mining
23:19 Gold Mining
23:51 Hand Cart
24:50 Bow Saw
25:15 Fletching
25:25 Padded Archer Armor
25:51 Town Watch
26:28 Heavy Plow
29:22 Gold Shaft Mining
31:59 Imperial Age
29:38 Gambesons
29:13 Man-at-Arms
29:54 Squires
29:15 Pikeman
31:41 Caravan
31:10 Long Swordsman
32:05 Capped Ram
33:09 Conscription
33:58 Two-Man Saw
33:13 Guilds
35:42 Chemistry
35:03 Ballistics
34:34 Heated Shot
34:26 Treadmill Crane
34:53 Bodkin Arrow
35:14 Leather Archer Armor
34:29 Halberdier
36:00 Hoardings
36:59 Forging
36:49 Scale Mail Armor
36:50 Bracer
38:14 Yeomen
37:50 Elite Longbowman
40:41 Warwolf
41:31 Ring Archer Armor
41:36 Iron Casting
41:06 Scale Barding Armor
41:16 Chain Mail Armor
emanuelvicente14
11:48 Feudal Age
15:53 Castle Age
14:37 Double-Bit Axe
15:57 Wheelbarrow
15:24 Horse Collar
23:36 Bow Saw
24:41 Heavy Plow
30:34 Imperial Age
29:01 Stone Mining
29:02 Gold Mining
31:18 Gold Shaft Mining
30:51 Husbandry
31:01 Bloodlines
31:20 Heavy Camel Rider
34:31 Two-Man Saw
34:10 Conscription
34:09 Elite Skirmisher
34:54 Thumb Ring
36:04 Parthian Tactics
36:59 Scale Barding Armor
36:54 Scale Mail Armor
37:05 Forging
36:56 Padded Archer Armor
36:46 Fletching
38:50 Elite Mameluke
41:17 Hoardings
40:41 Bodkin Arrow
41:03 Leather Archer Armor
41:45 Bracer
hanser
10:02 Feudal Age
11:57 Double-Bit Axe
14:51 Castle Age
12:52 Horse Collar
13:43 Stone Mining
13:58 Gold Mining
16:41 Wheelbarrow
17:47 Loom
19:46 Town Watch
22:55 Hand Cart
22:49 Town Patrol
23:44 Bow Saw
25:33 Gold Shaft Mining
29:13 Imperial Age
27:04 Heavy Plow
26:51 Treadmill Crane
29:45 Arson
30:07 Scale Mail Armor
30:17 Forging
30:50 Stone Shaft Mining
30:49 Crop Rotation
30:36 Husbandry
30:47 Bloodlines
29:58 Elite Shrivamsha Rider
30:50 Scale Barding Armor
31:13 Conscription
31:48 Ballistics
32:33 Chemistry
32:55 Iron Casting
32:34 Kshatriyas
34:05 Ballistics
34:26 Chain Barding Armor
34:22 Chain Mail Armor
34:58 Elite Chakram Thrower
40:36 Plate Barding Armor
无糖薄荷糖
11:49 Feudal Age
13:25 Double-Bit Axe
15:54 Loom
17:33 Stone Mining
20:54 Castle Age
19:32 Scale Barding Armor
19:53 Gold Mining
23:44 Bow Saw
27:03 Gold Shaft Mining
27:28 Wheelbarrow
27:22 Town Watch
33:16 Imperial Age
32:38 Squires
32:25 Gambesons
32:27 Arson
32:04 Pikeman
32:48 Scale Mail Armor
32:59 Forging
34:55 Chain Mail Armor
35:17 Iron Casting
35:24 Conscription
37:35 Cavalier
38:26 Chivalry
39:08 Chain Barding Armor
39:51 Blast Furnace
38:57 Chivalry
41:40 Hoardings
40:34 Paladin
41:19 Husbandry
cihuncihome
11:57 Feudal Age
13:08 Double-Bit Axe
16:09 Castle Age
13:54 Horse Collar
14:08 Gold Mining
15:55 Stone Mining
17:34 Bow Saw
24:49 Loom
26:04 Wheelbarrow
30:56 Imperial Age
28:54 Hand Cart
30:28 Marauders
30:34 Squires
29:55 Pikeman
30:39 Scale Mail Armor
31:08 Masonry
31:20 Forging
31:01 Capped Ram
32:06 Conscription
31:52 Halberdier
32:53 Chain Mail Armor
33:32 Iron Casting
34:18 Bloodlines
Connection lost

Rejoining the realm…

Still unreachable

The connection could not be restored.

Session expired

The server has moved on; the page needs a fresh start.